AoeStats
← Tyler8274

Arabia

509809096Analyzed
2v2 RM · 5d ago on Sep 28, 2026· 27m 55s· 4 players
Game mode
Random Map
Map size
Medium (4 player)
Population
200
Speed
Normal
Resources
Standard
Victory
Conquest
Starting age
Dark Age
Ending age
Imperial Age
RankedLock teamsTeams togetherTeam positionsShared explorationLock speedFull tech treeHidden civsTurbo modeCheats
Victory
Defeat
🇸🇬 Spanish · Singapore
1039
+14
🇹🇼 Bohemians · Taiwan
1032
+14
🇺🇸 Spanish · United States
1000
-42
🇺🇸 Goths · United States
1000
-42
Milo Thatch
7:24 Loom
11:08 Feudal Age
11:54 Horse Collar
12:00 Double-Bit Axe
18:21 Fletching
18:32 Padded Archer Armor
18:41 Gold Mining
24:21 Castle Age
26:21 Thumb Ring
25:37 Elite Skirmisher
26:39 Masonry
27:30 Bodkin Arrow
27:50 Leather Archer Armor
28:03 Ballistics
Tyler8274
5:34 Loom
10:50 Feudal Age
9:56 Loom
12:37 Horse Collar
12:57 Double-Bit Axe
24:19 Fletching
24:29 Padded Archer Armor
29:18 Castle Age
QAZWSX
1:35 Loom
11:23 Feudal Age
11:28 Man-at-Arms
12:09 Arson
12:18 Double-Bit Axe
13:25 Town Watch
21:02 Fletching
25:04 Castle Age
24:43 Horse Collar
realtrading
5:28 Loom
12:23 Feudal Age
13:49 Wheelbarrow
16:47 Castle Age
15:00 Stone Mining
15:08 Double-Bit Axe
15:26 Horse Collar
17:55 Padded Archer Armor
18:39 Gold Mining
19:58 Leather Archer Armor
Connection lost

Rejoining the realm…

Still unreachable

The connection could not be restored.

Session expired

The server has moved on; the page needs a fresh start.